 Dungeon Crawl Stone Soup version 0.21.1-1-g345015f (webtiles) character file.

107 tev the Sneak (level 4, 0/23 HPs)
             Began as a Spriggan Assassin on July 28, 2018.
             Killed from afar by Sigmund (8 damage)
             ... with a magic dart
             ... on level 2 of the Dungeon.
             The game lasted 00:13:51 (3909 turns).

tev the Sneak (Spriggan Assassin)                   Turns: 3909, Time: 00:13:52

Health: 0/23       AC:  3    Str:  7    XL:     4   Next: 57%
Magic:  5/5        EV: 18    Int: 12    God:
Gold:   94         SH:  0    Dex: 18    Spells: 3/3 levels left

rFire    + . .     SeeInvis +   j - +1 dagger (speed)
rCold    . . .     Gourm    .   (shield restricted)
rNeg     . . .     Faith    .   i - +0 robe {rF+}
rPois    .         Spirit   .   (helmet restricted)
rElec    .         Reflect  .   n - +0 cloak
rCorr    .         Harm     .   (gloves unavailable)
MR       .....                  (boots unavailable)
Stlth    ++++......             (no amulet)
HPRegen  0.07/turn              (no ring)
MPRegen  0.09/turn              (no ring)

@: very quick
A: very small, unfitting armour, see invisible, herbivore, speed 3, slow
metabolism 2
a: no special abilities


You were on level 2 of the Dungeon.
You were not hungry.

You visited 1 branch of the dungeon, and saw 3 of its levels.

You collected 94 gold pieces.

Inventory:

Hand Weapons
 j - a +1 dagger of speed (weapon)
Armour
 i - a +0 robe of fire resistance (worn)
 n - a +0 cloak (worn)
Jewellery
 k - an uncursed amulet of guardian spirit {unknown}
Scrolls
 b - 2 scrolls of blinking {unknown}
 e - 3 scrolls of identify {unknown}
 h - a scroll of magic mapping {unknown}
 l - a scroll of amnesia {unknown}
Potions
 f - a potion of curing {unknown}
 m - 2 potions of might {unknown}
Comestibles
 g - 2 rations


   Skills:
 + Level 1.8 Fighting
 * Level 3.3 Short Blades
 - Level 2.0 Throwing
 + Level 2.4 Dodging
 + Level 7.8 Stealth


You had 3 spell levels left.
You didn't know any spells.

Dungeon Overview and Level Annotations

Branches:
Dungeon (3/15)

Altars:
Elyvilon

Annotations:
D:2 Sigmund
D:3 tyranidshit's ghost, amateur DDFi


Innate Abilities, Weirdness & Mutations

You are very small and have problems with some larger weapons.
You are too small for most types of armour.
You have supernaturally acute eyesight. (SInv)
You are a herbivore.
You cover ground extremely quickly.
You need consume almost no food.


Message History

Sigmund is severely wounded.
You hit Sigmund.
Sigmund is severely wounded.
You closely miss Sigmund.
Sigmund is severely wounded.
Sigmund barely misses you.
You barely miss Sigmund.
Sigmund is severely wounded.
You barely miss Sigmund.
Sigmund is severely wounded.
You hit Sigmund.
Sigmund is almost dead.
Sigmund misses you.
You hit Sigmund.
Sigmund is almost dead.
You hit Sigmund.
Sigmund is almost dead.
Sigmund casts a spell at you. The magic dart hits you!
You die...

#...#####......@.@..........
#..@# #...................
#...#################.......
#......# #######. ####......#
#...... #......[..# #......
#.........# #......
#.........######## ####...
#.........'..@@.<# #.#.
#.........##################.#.
#.........# #........#.##
#.........# #........#.#
#.........# #........#.##
#.........# #........#...
###'#####.# #........#### #.#
#.# #........# ##
#####.#####.#########........#
#.


You could see Sigmund (invisible).

Vanquished Creatures
  4 adders
  2 oozes
  A worm (D:2)
  A dart slug (D:1)
  A leopard gecko (D:1)
  8 bats
  2 giant cockroaches (D:2)
  6 hobgoblins
  8 jackals
  5 kobolds
  A quokka (D:2)
  3 frilled lizards
  4 goblins
  7 rats
53 creatures vanquished.

Notes
Turn   | Place    | Note
-------+----------+-------------------------------------------
     0 | D:1      | tev the Spriggan Assassin began the quest for the Orb.
     0 | D:1      | Reached XP level 1. HP: 10/10 MP: 2/2
    30 | D:1      | Reached skill level 6 in Stealth
   230 | D:1      | Reached XP level 2. HP: 14/14 MP: 3/3
   463 | D:1      | Reached skill level 7 in Stealth
   566 | D:1      | Reached XP level 3. HP: 18/18 MP: 4/4
  1441 | D:2      | Found a white marble altar of Elyvilon.
  1602 | D:2      | Reached XP level 4. HP: 23/23 MP: 5/5
  1940 | D:2      | Noticed Sigmund
  3541 | D:3      | Noticed tyranidshit's ghost (amateur DDFi)
  3909 | D:2      | Killed from afar by Sigmund

Skill      XL: |  1  2  3  4 |
---------------+-------------+-----
Stealth        | 6 7 |  7.8
Dodging        | 2 |  2.4
Short Blades   | 3 |  3.3
Fighting       | |  1.8
Throwing       | |  2.0

Action                   |  1- 3 |  4- 6 || total
-------------------------+-------+-------++-------
Melee: Dagger            |   170 |   121 ||   291
  Use: Potion            |     1 |       ||     1
 Stab: Sleeping          |    17 |     4 ||    21
  Eat: Ration            |       |     1 ||     1
Armor: Robe              |    21 |     8 ||    29
       Skin              |    33 |       ||    33
Dodge: Dodged            |    97 |    46 ||   143
